Map: Acid Plant LE

Players

Nerchio

  • Race: Zerg Zerg
  • Spawn Location: 5:00

Reynor - Winner!

  • Race: Zerg Zerg
  • Spawn Location: 11:00

Event: WCS Valencia 2018

VOD

Have the link to the VOD?

Description

Time

  • Played on: July 12, 2018, 7:10 a.m.
  • Length: 9:16

All games in this series

Show
View Real Time Build Order
Export as new Build Order

Nerchio Zerg 

Build Orders: Hatch First, Zergling Baneling 

Get SALT Encoding   

  12  0:00  Drone  
  13  0:12  Overlord  
  13  0:17  Drone  
  14  0:30  Drone x2  
  14  0:34  Drone  
  17  0:50  Hatchery  
  17  0:54  Drone  
  17  0:57  Drone  
  18  1:08  Extractor  
  17  1:12  Spawning Pool  
  17  1:15  Drone  
  17  1:18  Drone  
  18  1:28  Drone  
  19  1:38  Overlord  
  19  1:49  Drone  
  20  1:58  Queen  
  20  2:01  Zergling x2  
  23  2:02  Queen  
  23  2:05  Drone  
  23  2:07  Metabolic Boost  
  26  2:10  Drone  
  26  2:13  Drone  
  28  2:22  Drone  
  29  2:25  Drone  
  30  2:32  Zergling x2  
  31  2:37  Hatchery  
  31  2:39  Zergling x2  
  31  2:43  Zergling x2  
  32  2:49  Baneling Nest  
  31  2:53  Overlord  
  31  2:54  Drone  
  32  3:04  Zergling x2  
  32  3:06  Overlord  
  32  3:07  Zergling x2  
  32  3:08  Zergling x2  
  34  3:13  Drone  
  34  3:14  Drone x2  
  35  3:20  Zergling x2  
  35  3:21  Zergling x4  
  35  3:26  Queen  
  40  3:29  Drone  
  40  3:32  Drone  
  40  3:33  Drone  
  43  3:37  Baneling x2  
  43  3:42  Zergling x6  
  43  3:47  Zergling x4  
  43  3:48  Zergling x2  
  49  3:54  Zergling x6  
  50  3:59  Zergling x4  
  50  4:03  Zergling x2  
  50  4:05  Zergling x2  
  50  4:12  Zergling x4  
  50  4:14  Baneling x3  
  50  4:15  Drone x3  
  54  4:17  Drone  
  54  4:22  Drone x2  
  56  4:27  Extractor, Roach Warren  
  54  4:33  Drone x2  
  54  4:35  Drone  
  55  4:40  Drone  
  55  4:41  Drone  
  55  4:43  Drone  
  56  4:50  Queen  
  56  4:52  Evolution Chamber  
  56  4:55  Drone, Baneling x2  
  56  4:58  Overlord x2, Baneling x3  
  57  5:09  Overlord  
  57  5:10  Drone  
  57  5:12  Overlord  
  58  5:14  Extractor  
  58  5:16  Overlord  
  58  5:20  Drone x4  
  61  5:23  Extractor, Lair  
  60  5:31  Drone x5  
  60  5:33  Drone  
  63  5:35  Drone  
  62  5:44  Zerg Missile Weapons Level 1  
  62  5:47  Drone x2  
  62  5:48  Drone x4  
  68  5:50  Drone  
  68  5:53  Extractor  
  68  5:54  Queen  
  70  5:59  Queen  
  70  6:07  Extractor  
  70  6:08  Zergling x12  
  75  6:16  Zergling x4  
  75  6:17  Zergling x8  
  81  6:20  Zergling x2  
  81  6:23  Zergling x6  
  81  6:24  Zergling x2  
  81  6:28  Zergling x4  
  81  6:32  Zergling x2  
  76  6:33  Zergling x4  
  76  6:37  Drone x2  
  74  6:44  Zergling x4  
  74  6:45  Drone  
  73  6:48  Hydralisk Den, Queen  
  73  6:50  Drone  
  75  6:56  Drone x3  
  75  6:58  Evolution Chamber, Drone  
  78  7:03  Drone x2  
  78  7:05  Drone  
  77  7:10  Drone  
  76  7:19  Roach  
  76  7:20  Roach x4  
  76  7:21  Roach  
  86  7:25  Lurker Den, Roach  
  86  7:27  Glial Reconstitution  
  87  7:32  Drone x3  
  90  7:41  Roach x3  
  96  7:44  Roach  
  96  7:46  Overlord  
  96  7:49  Overlord  
  98  7:52  Overlord  
  98  8:04  Overlord  
  98  8:06  Drone x5  
  98  8:07  Drone  
  98  8:09  Hydralisk x2  
  98  8:12  Hydralisk  
  110  8:14  Hydralisk  
  110  8:16  Hydralisk  
  110  8:18  Hydralisk  
  116  8:26  Hydralisk x2  
  116  8:27  Hydralisk  
  122  8:34  Overseer  
  122  8:35  Hatchery  
  122  8:39  Roach x3  
  128  8:41  Roach  
  128  8:43  Roach  
  130  8:50  Overlord x2  
  130  8:53  Overlord  
  130  8:54  Overlord  
  130  8:55  Lurker x2  
Show
View Real Time Build Order
Export as new Build Order

Reynor Zerg - Winner!

Build Orders: Hatch First 

Get SALT Encoding   

  12  0:00  Drone  
  13  0:12  Overlord  
  13  0:16  Drone  
  14  0:30  Drone x2  
  16  0:49  Hatchery  
  15  0:52  Drone  
  15  0:55  Drone  
  17  0:58  Drone  
  18  1:09  Extractor  
  17  1:14  Spawning Pool  
  17  1:17  Drone  
  17  1:20  Drone  
  18  1:27  Drone  
  19  1:39  Overlord  
  19  1:49  Drone  
  21  2:01  Zergling x4, Queen x2  
  26  2:09  Metabolic Boost  
  26  2:11  Zergling x2  
  26  2:14  Drone  
  28  2:33  Hatchery  
  28  2:36  Drone  
  28  2:37  Drone  
  30  2:44  Drone x2  
  30  2:48  Overlord  
  31  2:53  Drone  
  32  3:05  Overlord  
  32  3:10  Zergling x10  
  37  3:14  Zergling x4  
  37  3:20  Zergling x4  
  37  3:21  Zergling x2  
  37  3:23  Zergling x2  
  41  3:27  Baneling Nest  
  41  3:30  Zergling x2  
  41  3:38  Zergling x2  
  41  3:41  Queen  
  42  3:43  Drone  
  42  3:46  Drone x2  
  47  3:52  Overlord  
  47  3:53  Drone  
  47  3:54  Drone  
  46  3:56  Drone  
  46  3:59  Drone  
  47  4:12  Zergling x2  
  47  4:13  Zergling x4  
  47  4:14  Drone x2  
  51  4:17  Evolution Chamber  
  51  4:18  Zergling x6  
  51  4:23  Zergling x6  
  54  4:27  Zergling x4  
  54  4:29  Baneling  
  56  4:31  Zergling x2  
  56  4:32  Zergling x2  
  56  4:34  Baneling  
  56  4:35  Baneling  
  56  4:37  Zergling x2  
  57  4:38  Zergling x2  
  57  4:41  Zergling x2  
  56  4:52  Drone  
  57  4:53  Overlord, Zerg Missile Weapons Level 1  
  57  4:59  Overlord  
  57  5:05  Overlord  
  57  5:09  Baneling x2  
  57  5:13  Drone x5  
  61  5:18  Drone  
  61  5:19  Drone x2  
  61  5:21  Drone x4  
  68  5:30  Queen  
  68  5:33  Drone x4  
  71  5:38  Overlord  
  71  5:40  Drone  
  71  5:41  Drone x2  
  73  5:46  Lair  
  73  5:47  Extractor  
  72  5:50  Drone x2  
  72  5:55  Drone x4  
  78  6:00  Roach Warren  
  76  6:04  Extractor  
  76  6:05  Drone x3  
  76  6:08  Extractor  
  76  6:09  Drone x4  
  76  6:11  Extractor, Drone  
  82  6:13  Overlord  
  82  6:18  Drone x4  
  84  6:20  Baneling x3  
  84  6:24  Overlord  
  84  6:25  Drone  
  84  6:26  Drone  
  80  6:36  Overlord  
  75  6:43  Roach x4  
  75  6:44  Zergling x4  
  75  6:45  Zergling x8  
  86  6:50  Extractor  
  85  6:54  Roach x2  
  85  6:56  Queen  
  85  6:57  Roach  
  93  7:03  Hatchery  
  93  7:05  Roach x4  
  96  7:10  Roach x2  
  100  7:19  Queen  
  100  7:21  Drone x3  
  105  7:24  Roach x4  
  113  7:35  Overlord  
  113  7:36  Overlord x2  
  113  7:37  Glial Reconstitution  
  113  7:38  Overlord  
  113  7:42  Hydralisk Den  
  111  7:53  Roach  
  111  7:55  Roach x7  
  111  7:58  Roach  
  129  8:02  Roach  
  129  8:05  Roach x4  
  139  8:09  Baneling  
  139  8:11  Roach  
  141  8:14  Roach  
  141  8:16  Roach x2  
  141  8:19  Roach  
  149  8:23  Roach  
  149  8:25  Overlord x3  
  151  8:27  Baneling x2  
  151  8:36  Ravager  
  151  8:37  Overlord  
  151  8:43  Overlord, Roach x3  
  151  8:47  Roach x4  
  151  8:48  Roach  
  167  8:50  Roach x3  
Tags
 
Add a new tag
Caveats
  • Supply blocks, unpowered buildings, or Contaminate may cause inaccurate times.
  • Supply counts are checked every 10 seconds.